 Dungeon Crawl Stone Soup version 0.27.0-1-g7a089689b8 (webtiles) character file.

Game seed: 5819174300880994195

3482 horus123 the Destroyer (level 9, 0/42 (46) HPs)
             Began as a Deep Elf Conjurer on Aug 13, 2021.
             Was an Initiate of Vehumet.
             Slain by a wight (6 damage)
             ... on level 8 of the Dungeon.
             The game lasted 00:21:59 (8736 turns).

horus123 the Destroyer (Deep Elf Conjurer)          Turns: 8736, Time: 00:22:00

HP:   0/42 (46)     AC:  4    Str:  4    XL:     9   Next: 79%
MP:   12/24         EV: 12    Int: 27    God:    Vehumet [......]
Gold: 449           SH:  4    Dex: 13    Spells: 13/26 levels left

rFire    . . .     SeeInvis .   c - +2 dagger (venom)
rCold    . . .     Faith    .   f - +0 buckler
rNeg     + . .     Spirit   .   a - +0 robe
rPois    .         Reflect  .   (no helmet)
rElec    .         Harm     .   h - +0 cloak
rCorr    +         Rampage  .   F - +0 pair of gloves
Will     .....                  (no boots)
Stlth    ++........             s - amulet of regeneration
HPRegen  1.14/turn              d - ring of resist corrosion
MPRegen  0.19/turn              i - ring of positive energy

@: drained
A: no striking features
a: Renounce Religion


You were on level 8 of the Dungeon.
You worshipped Vehumet.
Vehumet was noncommittal.
You visited 2 branches of the dungeon, and saw 9 of its levels.

You collected 449 gold pieces.

Inventory:

Hand Weapons
 c - a +2 dagger of venom (weapon)
 D - a +3 great sword
Missiles
 w - a throwing net
Armour
 a - a +0 robe (worn)
 f - a +0 buckler (worn)
 h - a +0 cloak (worn)
 r - the +1 ring mail of Fedhas's Benevolence {rElec Int+3 Dex+3}
   (You took it off an orc on level 4 of the Dungeon)

   Int:       It affects your intelligence (+3).
   Dex:       It affects your dexterity (+3).
   rElec:     It insulates you from electricity.
 F - a +0 pair of gloves (worn)
Magical Staves
 I - a staff of cold
Jewellery
 d - a ring of resist corrosion (left hand)
 i - a ring of positive energy (right hand)
 s - an amulet of regeneration (around neck)
 u - a ring of poison resistance
Wands
 g - a wand of mindburst (12)
 p - a wand of polymorph (11)
 y - a wand of paralysis (4)
 B - a wand of iceblast (7)
 H - a wand of acid (9)
Scrolls
 e - 3 scrolls of teleportation
 m - 4 scrolls of amnesia
 x - a scroll of fear
 A - a scroll of blinking
 E - a scroll of magic mapping
Potions
 b - 4 potions of haste
 j - 6 potions of degeneration
 k - a potion of magic {unknown}
 l - a potion of cancellation
 n - 2 potions of attraction {unknown}
 o - a potion of ambrosia {unknown}
 q - a potion of lignification {unknown}
 t - 2 potions of flight
 v - 2 potions of curing {unknown}
 z - 2 potions of heal wounds {unknown}
 C - a potion of brilliance {unknown}
 G - a potion of mutation {unknown}


   Skills:
 + Level 0.7 Fighting
 + Level 0.1 Short Blades
 * Level 3.0 Armour
 + Level 3.5 Dodging
 + Level 3.7 Stealth
 - Level 1.7 Shields
 + Level 9.1 Spellcasting
 * Level 11.5 Conjurations
 * Level 5.6 Hexes


You had 13 spell levels left.
You knew the following spells:

 Your Spells              Type           Power      Damage    Failure   Level
a - Magic Dart            Conj           100%       1d8       1%          1
b - Searing Ray           Conj           100%       3d7       1%          2
c - Slow                  Hex            43%        N/A       1%          2
d - Fulminant Prism       Conj/Hex       28%        3d14      1%          4
e - Iskenderun's Mystic   Conj/Tloc      43%        2d10      6%          4

Your spell library contained the following spells:

 Spells                   Type           Power      Damage    Failure   Level
 Confusing Touch          Hex            43%        N/A       1%          3
 Dazzling Flash           Conj/Hex       100%       N/A       1%          3
 Sting                    Tmut/Pois      48%        1d5       6%          1
 Cause Fear               Hex            21%        N/A       6%          4
 Poisonous Vapours        Pois/Air       24%        N/A       10%         2
 Gell's Gravitas          Tloc           6%         N/A       19%         3
 Teleport Other           Tloc           12%        N/A       19%         3
 Yara's Violent Unravell  Hex/Tmut       13%        3d7       47%         5
 Olgreb's Toxic Radiance  Pois           12%        N/A       52%         4
 Dispersal                Tloc           6%         N/A       100%        6
 Dragon Form              Tmut           6%         N/A       100%        7
 Dragon's Call            Summ           6%         N/A       100%        9


Dungeon Overview and Level Annotations

Branches:
Dungeon (8/15)             Temple (1/1) D:6
   Lair: D:8-11

Altars:
Ashenzari
Cheibriados
Elyvilon
Fedhas
Gozag
Hepliaklqana
Kikubaaqudgha
Makhleb
Nemelex Xobeh
Okawaru
Qazlal
Ru
Trog
Uskayaw
Vehumet
Wu Jian
Zin
The Shining One

Shops:
D:1 (


Message History

The searing ray hits the wight!
You destroy the wight!
Vehumet accepts your kill.
You finish channeling your searing ray.
Casting: Searing Ray (safe; 1% risk of failure)
Confirm with . or Enter, or press ? or * to list all spells.
Aiming: Searing Ray (safe; 1% risk of failure)
Press: ? - help, Shift-Dir - straight line, f - wight
Aim: a wight, wielding a +3 battleaxe and wearing a +0 robe (83% to hit)
The searing ray hits the wight!
The wight is heavily damaged. (Press . to maintain the ray.)
The searing ray misses the wight.
The searing ray hits the wight!
The wight is almost destroyed.
The wight hits you with a +3 battleaxe!
The searing ray hits the wight!
You destroy the wight!
Vehumet accepts your kill.
You finish channeling your searing ray.
Casting: Searing Ray (safe; 1% risk of failure)
Confirm with . or Enter, or press ? or * to list all spells.
Aiming: Searing Ray (safe; 1% risk of failure)
Press: ? - help, Shift-Dir - straight line, f - wight
Aim: a wight, wielding a +1 morningstar of freezing and wearing a +0 robe (83% to hit)
The searing ray misses the wight. (Press . to maintain the ray.)
The wight hits you with a +1 morningstar of freezing!
You partially resist.
You feel drained. The wight freezes you.
The searing ray hits the wight.
The wight is moderately damaged.
The wight closely misses you.
The searing ray hits the wight!
The wight is almost destroyed.
The wight hits you with a +1 morningstar of freezing!!
* * * LOW HITPOINT WARNING * * *
You partially resist.
You feel drained.
* * * LOW HITPOINT WARNING * * *
The wight freezes you.
You die...

..# ..# .. .>#
#. #.# #.# #.#
.. #.# . #. #.#
...###.###.###
...........@.#
...###..##(#z#
...........#.#
########.#..#)#
............#.#
.......#....#.#
#......#....#.#
.......#....#.#
............#


You could see a wight.

Vanquished Creatures
  The ghost of blackman the Skirmisher, a novice HuWn (D:5)
  A wyvern (D:7)
  Grum (D:8)
  A steam dragon (D:7)
  2 black bears
  2 orc warriors (D:6)
  An ice beast (D:7)
  A necrophage (D:6)
  4 ogres
  A centaur (D:6)
  3 wolves (D:8)
  A bullfrog (D:7)
  A scorpion (D:6)
  2 water moccasin zombies
  A wyvern skeleton (D:7)
  A water moccasin skeleton (D:4)
  A howler monkey (D:4)
  6 wights
  7 hounds
  2 centaur zombies
  2 jellies
  An orc priest (D:7)
  A centaur skeleton (D:7)
  7 iguanas
  Natasha (thrice) (D:2)
  2 orc wizards
  Terence (D:2)
  A hound zombie (D:5)
  A howler monkey zombie (D:5)
  A howler monkey skeleton (D:7)
  3 gnolls (D:5)
  5 adders
  A shadow imp (D:5)
  A white imp (D:6)
  2 dart slugs (D:4)
  7 orcs
  11 ball pythons
  9 bats
  A bat skeleton (D:2)
  10 endoplasms
  3 giant cockroaches
  8 goblins
  9 hobgoblins
  13 jackals
  6 quokkas
  2 frilled lizards
  7 kobolds
  14 rats
  A butterfly (D:6)
173 creatures vanquished.

Vanquished Creatures (others)
  2 fulminant prisms
  A fungus (D:2)
  8 withered plants (D:6)
11 creatures vanquished.

Grand Total: 184 creatures vanquished

Notes
Turn   | Place    | Note
-------+----------+-------------------------------------------
     0 | D:1      | horus123 the Deep Elf Conjurer began the quest for the Orb.
     0 | D:1      | Reached XP level 1. HP: 10/10 MP: 6/6
   146 | D:1      | Found Jurghots's Antique Weapon Shop.
   192 | D:1      | Reached XP level 2. HP: 15/15 MP: 5/8
   197 | D:1      | Learned a level 2 spell: Searing Ray
   341 | D:1      | Reached skill level 5 in Conjurations
   712 | D:1      | Reached XP level 3. HP: 19/19 MP: 7/9
   716 | D:1      | Learned a level 3 spell: Dazzling Flash
  1253 | D:2      | Noticed Natasha
  1265 | D:2      | Killed Natasha
  1266 | D:2      | Reached skill level 6 in Conjurations
  1266 | D:2      | Reached XP level 4. HP: 15/24 MP: 1/10
  1374 | D:2      | You fall into a shaft and drop 2 floors!
  1453 | D:4      | Reached skill level 1 in Hexes
  1669 | D:4      | Noticed a black bear
  1676 | D:4      | Killed a black bear
  1677 | D:4      | Reached XP level 5. HP: 22/28 MP: 4/13
  1770 | D:4      | Noticed an ogre
  1810 | D:4      | Killed an ogre
  1811 | D:4      | Reached skill level 1 in Shields
  1811 | D:4      | Reached skill level 7 in Conjurations
  1811 | D:4      | Reached XP level 6. HP: 32/32 MP: 8/14
  1823 | D:4      | Learned a level 4 spell: Fulminant Prism
  2189 | D:2      | Noticed Terence
  2194 | D:2      | Killed Terence
  2195 | D:2      | Reached skill level 5 in Spellcasting
  2274 | D:2      | Noticed Natasha
  2281 | D:2      | Killed Natasha
  2342 | D:2      | Learned a level 4 spell: Iskenderun's Mystic Blast
  2446 | D:2      | Noticed Natasha
  2449 | D:2      | Killed Natasha
  2701 | D:2      | Found a faded altar of an unknown god.
  3699 | D:3      | Learned a level 2 spell: Slow
  4109 | D:4      | Reached XP level 7. HP: 22/36 MP: 10/17
  4369 | D:4      | Identified the +1 ring mail of Fedhas's Benevolence {rElec
                  | Int+3 Dex+3}
  4467 | D:4      | Reached skill level 8 in Conjurations
  4705 | D:4      | Found a stormy altar of Qazlal.
  4852 | D:5      | Entered Level 5 of the Dungeon
  5161 | D:5      | Noticed blackman's ghost (novice HuWn)
  5162 | D:5      | Found a runed translucent door.
  5183 | D:5      | Killed blackman's ghost
  5184 | D:5      | Reached skill level 1 in Armour
  5184 | D:5      | Reached skill level 9 in Conjurations
  5184 | D:5      | Reached XP level 8. HP: 38/41 MP: 8/19
  6037 | D:6      | Reached skill level 10 in Conjurations
  6221 | D:6      | Reached XP level 9. HP: 46/46 MP: 17/22
  6371 | D:6      | Found an ancient bone altar of Kikubaaqudgha.
  6462 | D:6      | Found a staircase to the Ecumenical Temple.
  6518 | Temple   | Entered the Ecumenical Temple
  6703 | Temple   | Became a worshipper of Vehumet
  7521 | D:7      | Reached skill level 5 in Hexes
  8079 | D:7      | Reached skill level 11 in Conjurations
  8172 | D:7      | Found a blossoming altar of Fedhas.
  8536 | D:8      | Noticed Grum
  8556 | D:8      | Killed Grum
  8736 | D:8      | Slain by a wight

Illustrated notes

Levels and vault maps discovered:
D:1:      shiori_arrival_maze, layout_rooms, serial_shops, shop,
          minmay_rat_gold_closets
D:2:      minmay_chambers_of_twos, layout_loops_ring,
          shapermc_ecumenical_altar_acropolis, minivault_5,
          minmay_misc_feat_columns, serial_park_tiny_pond, uniq_terence,
          uniq_crazy_yiuf_cottage, uniq_natasha
D:3:      layout_basic, corexii_leaking_fountain
D:4:      minmay_recursive_quarters, layout_loops_ring,
          nicolae_qazlal_eye_of_the_storm
D:5:      layout_basic, hellmonk_ghost_happy_afterlife
D:6:      layout_loops_corners, kiku_gazebo_garden_becter,
          minmay_temple_entry_butterflies, minmay_between
D:7:      layout_basic, fedhas_ov_isle_minmay, st_stairs_12
D:8:      layout_basic, kennysheep_small_square, uniq_grum
Temple:   regret_index_temple_generic_petals

Skill      XL: |  1  2  3  4  5  6  7  8  9 |
---------------+----------------------------+-----
Conjurations   | 5 6 7 9 10 11 | 11.5
Hexes          | 1 2 3 4 5 |  5.6
Spellcasting   | 4 5 6 7 9 |  9.1
Stealth        | 3 |  3.7
Shields        | 1 |  1.7
Armour         | 1 3 |  3.0
Dodging        | 3 |  3.5
Fighting       | |  0.7
Short Blades   | |  0.1

Action                   |  1- 3 |  4- 6 |  7- 9 || total
-------------------------+-------+-------+-------++-------
Melee: Dagger            |     4 |     2 |       ||     6
 Cast: Magic Dart        |    75 |    77 |    98 ||   250
       Searing Ray       |     1 |    13 |    52 ||    66
       Fulminant Prism   |       |     1 |     1 ||     2
       Slow              |       |       |     1 ||     1
Evoke: Wand              |       |     2 |       ||     2
  Use: Scroll            |     2 |     8 |     3 ||    13
Armor: Robe              |     2 |     2 |     2 ||     6
       Ring mail         |       |       |    18 ||    18
Dodge: Dodged            |    11 |    19 |    14 ||    44
Block: Buckler           |       |     2 |    16 ||    18
